Map: Pillars of Gold LE

Players

A.I. 1 (Very Easy) - Winner!

  • Race: Terran Terran
  • Spawn Location: 7:00

HolyHit

  • Race: Protoss Protoss
  • League: Grandmaster
  • Spawn Location: 1:00

VOD

https://youtu.be/9MDTCPKJ9R0

Description

Another Quickie, another replay

Time

  • Played on: Feb. 23, 2021, 4:59 a.m.
  • Length: 5:31
Show
View Real Time Build Order
Export as new Build Order

A.I. 1 (Very Easy) Terran - Winner!

Build Orders: Reaper Expand 

Get SALT Encoding   

  12  0:00  SCV  
  13  0:13  SCV  
  14  0:19  Supply Depot  
  14  0:44  Barracks  
  14  1:03  Command Center  
  14  1:31  Supply Depot  
  14  1:32  Orbital Command  
  14  1:33  Marine  
  14  1:38  Refinery  
  15  1:50  Refinery  
  15  1:57  SCV  
  16  2:09  SCV  
  18  2:15  SCV  
  18  2:18  Reaper  
  20  2:22  SCV  
  21  2:30  SCV  
  22  2:37  SCV  
  23  2:44  SCV  
  23  2:50  Refinery  
  24  2:51  SCV  
  25  2:58  SCV  
  25  2:59  Marine  
  26  3:05  SCV  
  27  3:13  SCV  
  28  3:20  SCV, Factory  
  29  3:40  Marine  
  30  3:43  Refinery  
  30  3:45  SCV  
  30  3:53  SCV  
  31  4:00  SCV  
  32  4:03  Supply Depot  
  32  4:07  SCV, Starport  
  33  4:14  SCV  
  34  4:21  SCV  
  34  4:22  Barracks Tech Lab  
  35  4:28  SCV  
  36  4:36  SCV  
  37  4:40  Marine  
  37  4:43  SCV  
  37  4:44  Starport Tech Lab  
  37  4:45  Supply Depot  
  39  4:50  SCV  
  40  4:57  SCV  
  41  5:04  SCV  
  44  5:11  SCV  
  45  5:19  SCV, Supply Depot  
Show
View Real Time Build Order
Export as new Build Order

HolyHit Protoss 

Build Orders: 1 Gate Expand, Blink Stalkers, Blink Stalkers 

Get SALT Encoding   

  12  0:00  Probe  
  13  0:12  Probe  
  14  0:18  Pylon  
  14  0:24  Probe  
  15  0:36  Probe (Chrono Boost)  
  15  0:39  Gateway  
  16  0:45  Probe (Chrono Boost)  
  16  0:48  Assimilator  
  17  0:51  Probe (Chrono Boost)  
  18  1:03  Probe  
  19  1:15  Probe  
  20  1:26  Cybernetics Core  
  20  1:35  Nexus  
  20  1:39  Probe  
  21  1:46  Pylon  
  21  1:51  Probe  
  22  1:56  Assimilator  
  22  2:03  Probe, Adept (Chrono Boost)  
  22  2:07  Warp Gate  
  25  2:15  Probe (Chrono Boost)  
  26  2:25  Stalker  
  26  2:27  Probe (Chrono Boost)  
  29  2:34  Probe (Chrono Boost)  
  30  2:37  Twilight Council  
  31  2:47  Probe (Chrono Boost)  
  31  2:48  Probe (Chrono Boost)  
  32  2:57  Probe (Chrono Boost)  
  34  2:59  Robotics Facility, Probe (Chrono Boost)  
  34  3:03  Probe (Chrono Boost)  
  35  3:08  Probe (Chrono Boost)  
  36  3:19  Probe x2 (Chrono Boost), Blink (Chrono Boost)  
  38  3:23  Probe (Chrono Boost)  
  38  3:26  Probe  
  40  3:28  Pylon  
  40  3:34  Gateway, Probe  
  40  3:38  Gateway, Probe  
  42  3:46  Probe  
  42  3:47  Observer  
  42  3:48  Gateway  
  44  3:50  Probe  
  45  3:56  Stalker  
  45  3:58  Probe  
  45  4:02  Pylon  
  48  4:03  Probe  
  48  4:05  Warp Prism (Chrono Boost)  
  51  4:11  Probe  
  52  4:17  Pylon  
  52  4:18  Assimilator  
  52  4:20  Probe  
  53  4:24  Probe  
  53  4:28  Stalker  
  53  4:29  Stalker  
  58  4:32  Probe  
  58  4:36  Stalker  
  61  4:41  Probe  
  61  4:44  Probe, Stalker  
  61  4:45  Pylon  
  65  4:57  Stalker x2  
  69  5:03  Pylon  
  69  5:04  Stalker  
  71  5:08  Stalker  
  73  5:25  Stalker x2  
Tags
 
Add a new tag
Caveats
  • Supply blocks, unpowered buildings, or Contaminate may cause inaccurate times.
  • Supply counts are checked every 10 seconds.